 Dungeon Crawl Stone Soup version 0.31.0-32-g396128a36d (webtiles) character file.

Game seed: 3267221608781150540

32234 AdnanSaban the Basher (level 13, -5/80 HPs)
             Began as a Gargoyle Fighter on Apr 15, 2024.
             Was a High Priest of Okawaru.
             Killed from afar by an oklob plant (28 damage)
             ... with a splash of acid
             ... on level 4 of the Lair of Beasts.
             The game lasted 00:30:01 (17861 turns).

AdnanSaban the Basher (Gargoyle Fighter)           Turns: 17861, Time: 00:30:02

Health: -5/80      AC: 43    Str: 24    XL:     13   Next: 63%
Magic:  16/16      EV: 10    Int: 10    God:    Okawaru [*****.]
Gold:   746        SH: 11    Dex:  9    Spells: 12/12 levels left

rFire   . . .        S - +5 flail (protect)
rCold   . . .        c - +0 buckler
rNeg    + . .        O - +3 chain mail
rPois   ∞            z - +0 helmet
rElec   +            e - +0 cloak
rCorr   .            A - +0 pair of gloves
SInv    .            B - +2 pair of boots
Will    +....        n - amulet of reflection Stlth
                     l - +4 ring of protection
HPRegen 0.33/turn    y - ring of willpower
MPRegen 0.15/turn

%: reflection
@: under a protective aura
A: sickness immunity, AC +9, negative energy resistance 1, electricity
resistance, torment resistance 1, petrification resistance
a: Renounce Religion, Heroism, Finesse, Duel


You were on level 4 of the Lair of Beasts.
You worshipped Okawaru.
Okawaru was extremely pleased with you.
You visited 3 branches of the dungeon, and saw 17 of its levels.
You also visited: Ossuary.

You collected 746 gold pieces.

Inventory:

Hand Weapons
 S - a +5 flail of protection (weapon)
Missiles
 a - 2 javelins
 q - 3 datura-tipped darts
 w - 46 poisoned darts (quivered)
 Q - a curare-tipped dart
 R - 6 atropa-tipped darts
 X - a boomerang
 Y - 3 silver javelins
Armour
 c - a +0 buckler (worn)
 e - a +0 cloak (worn)
 z - a +0 helmet (worn)
 A - a +0 pair of gloves (worn)
 B - a +2 pair of boots (worn)
 O - a +3 chain mail (worn)
Jewellery
 l - a +4 ring of protection (left hand)
 n - an amulet of reflection (around neck)
 p - a ring of protection from fire
 y - a ring of willpower (right hand)
 U - an amulet of regeneration
 Z - a ring of ice
Wands
 J - a wand of paralysis (4)
 L - a wand of digging (1)
 P - a wand of flame (21)
 W - a wand of polymorph (8)
Scrolls
 b - 2 scrolls of poison {unknown}
 g - 2 scrolls of vulnerability {unknown}
 i - 2 scrolls of fog {unknown}
 j - 2 scrolls of blinking {unknown}
 k - 3 scrolls of revelation {unknown}
 m - 11 scrolls of identify {unknown}
 s - 6 scrolls of teleportation
 u - 3 scrolls of brand weapon {unknown}
 F - 2 scrolls of enchant armour {unknown}
 G - 2 scrolls of silence {unknown}
 K - 3 scrolls of fear {unknown}
 N - 2 scrolls of immolation {unknown}
 T - a scroll of enchant weapon {unknown}
 V - 2 scrolls of acquirement {unknown}
Potions
 d - 3 potions of might
 f - 5 potions of heal wounds {unknown}
 h - 2 potions of berserk rage {unknown}
 o - 5 potions of enlightenment {unknown}
 r - 12 potions of degeneration
 t - 6 potions of curing {unknown}
 v - 2 potions of attraction {unknown}
 x - a potion of magic {unknown}
 C - 2 potions of resistance {unknown}
 D - 5 potions of mutation {unknown}
 E - 6 potions of haste {unknown}
 H - a potion of invisibility {unknown}
 I - 5 potions of lignification {unknown}
 M - 4 potions of brilliance {unknown}


   Skills:
 + Level 9.5 Fighting
 + Level 13.7 Maces & Flails
 + Level 3.3 Throwing
 + Level 10.2 Armour
 + Level 5.5 Dodging
 + Level 3.4 Stealth
 + Level 12.1 Shields
 + Level 5.1 Invocations


You had 12 spell levels left.
You didn't know any spells.
Your spell library contained the following spells:

 Spells                   Type           Power      Damage    Failure   Level
 Apportation              Tloc           0%         N/A       88%         1
 Foxfire                  Conj/Fire      0%         2x1d4     88%         1
 Kiss of Death            Conj/Necr      0%         2d5       88%         1
 Necrotise                Necr           0%         1d4       88%         1
 Slow                     Hex            0%         N/A       88%         1
 Sting                    Conj/Alch      0%         1d3       88%         1
 Blink                    Tloc           0%         N/A       95%         2
 Ensorcelled Hibernation  Hex/Ice        0%         N/A       95%         2
 Lesser Beckoning         Tloc           0%         N/A       95%         2
 Mercury Vapours          Alch/Air       0%         N/A       95%         2
 Momentum Strike          Conj/Tloc      0%         3d8       95%         2
 Confusing Touch          Hex            0%         N/A       99%         3
 Dazzling Flash           Conj/Hex       0%         N/A       99%         3
 Gell's Gravitas          Tloc           0%         N/A       99%         3
 Hailstorm                Conj/Ice       0%         3d5       99%         3
 Passwall                 Erth           0%         N/A       99%         3
 Swiftness                Air            0%         N/A       99%         3
 Teleport Other           Tloc           0%         N/A       99%         3
 Volatile Blastmotes      Fire/Tloc      0%         2d10      99%         3
 Dimensional Bullseye     Hex/Tloc       0%         N/A       100%        4
 Dispel Undead            Necr           0%         3d6       100%        4
 Flame Wave               Conj/Fire      0%         2d4       100%        4
 Fulminant Prism          Conj/Alch      0%         3d5       100%        4
 Iskenderun's Mystic Bla  Conj/Tloc      0%         2d3       100%        4
 Olgreb's Toxic Radiance  Alch           0%         N/A       100%        4
 Passage of Golubria      Tloc           0%         N/A       100%        4
 Borgnjor's Vile Clutch   Necr/Erth      0%         N/A       100%        5
 Iskenderun's Battlesphe  Conj           0%         2d6       100%        5
 Yara's Violent Unravell  Hex/Alch       0%         3d3       100%        5
 Bombard                  Conj/Erth      0%         9d1       100%        6
 Dispersal                Tloc           0%         N/A       100%        6
 Eringya's Noxious Bog    Alch           0%         4d6       100%        6
 Plasma Beam              Fire/Air       0%         2x1d10    100%        6
 Starburst                Conj/Fire      0%         6d3       100%        6
 Maxwell's Capacitive Co  Air            0%         ∞         100%        8
 Summon Small Mammal      Summ           Unusable   N/A       N/A         1
 Summon Ice Beast         Ice/Summ       Unusable   N/A       N/A         3
 Tukima's Dance           Hex            Unusable   N/A       N/A         3
 Animate Dead             Necr           Unusable   N/A       N/A         4
 Summon Forest            Summ/Tloc      Unusable   N/A       N/A         5
 Death Channel            Necr           Unusable   N/A       N/A         6
 Sculpt Simulacrum        Ice/Alch       Unusable   N/A       N/A         6
 Haunt                    Necr/Summ      Unusable   N/A       N/A         7
 Spellforged Servitor     Conj/Summ      Unusable   N/A       N/A         7
 Summon Hydra             Summ           Unusable   N/A       N/A         7
 Infestation              Necr           Unusable   N/A       N/A         8

Dungeon Overview and Level Annotations

Branches:
Dungeon (12/15)            Temple (1/1) D:6            Lair (4/5) D:9
  Swamp (0/4) Lair:2        Snake (0/4) Lair:2          Orc (0/2) D:9
Ossuary (visited)
  Slime: Lair:4-5

Altars:
Ashenzari
Cheibriados
Dithmenos
Elyvilon
Fedhas
Gozag
Hepliaklqana
Kikubaaqudgha
Makhleb
Nemelex Xobeh
Okawaru
Qazlal
Ru
Sif Muna
Trog
Uskayaw
Vehumet
Wu Jian
Xom
Yredelemnul
Zin
The Shining One

Shops:
D:2 [   D:9 *   D:10 ?

Portals:
Abyss: Lair:2

Annotations:
D:7 2 transporters, Exe's ghost, novice DsBe
D:8 1 runed translucent door, exclusion: 4 orange crystal statues
Lair:2 2 transporters, cfcfcfcfcf's ghost, journeyman FeBe
Lair:4 exclusion: oklob plant


Innate Abilities, Weirdness & Mutations

You are immune to sickness and miasma.
Your stone body is resilient. (AC +9)
You are immune to poison.
You resist negative energy. (rN+)
You are resistant to electric shocks. (rElec)
You are resistant to unholy torment.
You are immune to petrification.


Message History

No target in view!
No target in view!
No target in view!
No target in view!
No target in view!
No target in view!
No target in view!
No target in view!
No target in view!
No target in view!
No target in view!
No target in view!
No target in view!
You start resting.
HP restored.
This staircase leads to a travel-excluded area!
You climb downwards.
Level annotation: exclusion: oklob plant The oklob plant spits acid at you.
The splash of acid misses you.
There is a stone staircase leading up here.
You sock the oklob plant!
Your weapon exudes an aura of protection.
The oklob plant is lightly damaged.
You sock the oklob plant!
The oklob plant is moderately damaged.
You hit the oklob plant but do no damage.
The oklob plant is moderately damaged.
You hit the oklob plant but do no damage.
The oklob plant is moderately damaged.
You sock the oklob plant!
The oklob plant is heavily damaged.
The lindwurm breathes flames at you. The blast of flame hits you!!
The oklob plant spits acid at you. The splash of acid hits you!!
* * * LOW HITPOINT WARNING * * *
The oklob plant spits acid at you. The splash of acid hits you!!
You die...

##.....
.......
.......
.......
.....>.
...k...
......P##
#......@#
....###?.#
. ####


You could see an oklob plant and a lindwurm (catching breath).

Vanquished Creatures
  Josephine (D:10)
  Fannar (Lair:2)
  A hydra (Lair:1)
  A two-headed ogre (D:11)
  A death yak (Lair:3)
  2 skysharks
  A necromancer (D:11)
  2 oklob plants (Lair:1)
  A salamander (Lair:2)
  A manticore (D:11)
  3 cyclopes
  6 black mambas
  12 cane toads
  An unseen horror (D:11)
  A gargoyle (D:10)
  3 komodo dragons
  5 kobold demonologists
  A rime drake (Lair:1)
  Psyche (D:7)
  2 trolls
  A polar bear (D:11)
  Grinder (D:4)
  Prince Ribbit (D:7)
  3 dream sheep
  5 slime creatures
  7 wraiths
  A shadow (D:8)
  30 yaks
  2 wyverns
  2 basilisks (Lair:1)
  A human (D:7)
  A warg (D:9)
  Menkaure (D:7)
  2 steam dragons
  An acid dragon (D:10)
  9 water moccasins
  Duvessa (D:4)
  4 orc warriors
  An ice beast (D:8)
  6 black bears
  A sky beast (D:6)
  2 ogres
  5 wolves
  6 centaurs
  3 phantoms
  2 weeping skulls (Ossuary)
  4 kobold brigands
  An elf zombie (Ossuary)
  14 bullfrogs
  4 scorpions
  4 gnoll sergeants
  5 wights
  Dowan (D:4)
  3 killer bees (D:10)
  2 jellies
  3 electric eels (D:9)
  3 howler monkeys
  3 lava snakes (Lair:2)
  A bombardier beetle (D:4)
  5 orc priests
  Crazy Yiuf (D:4)
  A hound (D:5)
  3 iguanas
  11 orc wizards
  3 sleepcaps
  2 wolf simulacra (D:11)
  2 polar bear simulacra (D:11)
  2 yak simulacra (D:11)
  4 mummies (Ossuary)
  Robin (D:3)
  17 gnolls
  4 adders
  A river rat (D:11)
  A shadow imp (D:5)
  4 white imps (D:5)
  2 dart slugs
  5 ribbon worms
  37 orcs
  8 ball pythons
  3 bats
  10 endoplasms
  4 giant cockroaches
  A gnoll zombie (Ossuary)
  9 hobgoblins
  7 jackals
  27 kobolds
  6 quokkas
  3 frilled lizards
  14 goblins
  4 kobold zombies (Ossuary)
  2 orc zombies (Ossuary)
  6 rats
  5 river rat simulacra (D:11)
409 creatures vanquished.

Vanquished Creatures (collateral kills)
  A yak (D:8)
  A water moccasin (D:8)
2 creatures vanquished.

Vanquished Creatures (others)
  A kobold brigand (D:7)
  3 orc wizards
  A gnoll (D:9)
  A white imp (D:7)
6 creatures vanquished.

Grand Total: 417 creatures vanquished

Notes
Turn   | Place    | Note
-------+----------+-------------------------------------------
     0 | D:1      | AdnanSaban the Gargoyle Fighter began the quest for the
                  | Orb.
     0 | D:1      | Reached XP level 1. HP: 14/14 MP: 1/1
   101 | D:1      | Reached XP level 2. HP: 13/19 MP: 2/2
   342 | D:1      | Reached XP level 3. HP: 24/24 MP: 3/3
   782 | D:2      | Found Qado's Antique Armour Shoppe.
  1231 | D:2      | Reached XP level 4. HP: 29/29 MP: 4/4
  1505 | D:3      | Found an ornate altar of the Wu Jian Council.
  1770 | D:3      | Found a blossoming altar of Fedhas.
  1787 | D:3      | Noticed Robin
  1833 | D:2      | Reached skill level 3 in Maces & Flails
  1841 | D:3      | Killed Robin
  1842 | D:3      | Reached XP level 5. HP: 23/33 MP: 5/5
  1895 | D:3      | Identified the +0 mace of Sashruish {chaos, Fly rPois Str+8
                  | Int+3}
  2310 | D:4      | Found a sand-covered staircase.
  2310 | D:4      | Noticed Grinder
  2314 | D:4      | Paralysed by Grinder for 3 turns
  2319 | Ossuary  | Entered an ossuary
  2455 | Ossuary  | Reached skill level 1 in Dodging
  2484 | Ossuary  | Noticed a weeping skull
  2497 | Ossuary  | Killed a weeping skull
  2498 | Ossuary  | Reached XP level 6. HP: 37/38 MP: 6/6
  2515 | Ossuary  | Reached skill level 4 in Maces & Flails
  2559 | Ossuary  | Reached skill level 1 in Stealth
  2629 | D:4      | Killed Grinder
  2630 | D:4      | Reached skill level 5 in Maces & Flails
  2630 | D:4      | Reached XP level 7. HP: 43/44 MP: 7/7
  3113 | D:4      | Reached skill level 5 in Armour
  3281 | D:4      | Noticed Duvessa
  3282 | D:4      | Noticed Dowan
  3298 | D:4      | Killed Duvessa
  3299 | D:4      | Reached skill level 5 in Shields
  3320 | D:4      | Killed Dowan
  3454 | D:4      | Reached XP level 8. HP: 48/48 MP: 8/8
  3564 | D:4      | Found a runed translucent door.
  3565 | D:4      | Noticed Crazy Yiuf
  3573 | D:4      | Paralysed by Crazy Yiuf for 1 turns
  3575 | D:4      | Killed Crazy Yiuf
  3613 | D:5      | Entered Level 5 of the Dungeon
  3660 | D:5      | Reached skill level 5 in Fighting
  3931 | D:5      | Reached skill level 6 in Maces & Flails
  4462 | D:5      | Found an opulent altar of Gozag.
  4732 | D:5      | Found a glowing silver altar of Zin.
  5115 | D:5      | Got the Cyclopedia of the Xenolith and the Torch
  5343 | D:6      | Reached skill level 7 in Maces & Flails
  5424 | D:6      | Reached XP level 9. HP: 54/54 MP: 9/9
  5869 | D:6      | Found a shimmering blue altar of Sif Muna.
  6014 | D:6      | Found a staircase to the Ecumenical Temple.
  6030 | Temple   | Entered the Ecumenical Temple
  6238 | D:6      | Got Sif Muna's Quarto of Glamour
  6331 | D:7      | Reached skill level 8 in Maces & Flails
  6339 | D:7      | Found an iron altar of Okawaru.
  6345 | D:7      | Became a worshipper of Warmaster Okawaru
  6357 | D:6      | Found a glowing golden altar of the Shining One.
  6404 | D:7      | Identified the +5 ring mail "Ufegaoj" {rN+}
  6669 | D:7      | Reached skill level 1 in Invocations
  6734 | D:7      | Noticed Menkaure
  6742 | D:7      | Killed Menkaure
  6759 | D:7      | Found a runed translucent door.
  6763 | D:7      | Found a basalt altar of Yredelemnul.
  6804 | D:7      | Found a transporter.
  6853 | D:7      | Reached * piety under Okawaru
  6915 | D:7      | Noticed Exe's ghost (novice DsBe)
  7060 | D:7      | Found a transporter.
  7243 | D:8      | Noticed Prince Ribbit
  7267 | D:7      | Reached XP level 10. HP: 18/60 MP: 11/11
  7268 | D:7      | Killed Prince Ribbit
  7269 | D:7      | Reached skill level 9 in Maces & Flails
  7591 | D:8      | Found a runed translucent door.
  7619 | D:8      | Noticed Psyche
  7636 | D:8      | Found the +10 tower shield of Ignorance {rN+ Int-4}
  7642 | D:8      | Found a runed translucent door.
  7643 | D:8      | Noticed an orange crystal statue
  7665 | D:7      | Paralysed by something for 5 turns
  7670 | D:7      | Killed Psyche
  7841 | D:8      | Noticed a cyclops
  7850 | D:8      | Killed a cyclops
  7850 | D:8      | Reached ** piety under Okawaru
  8293 | D:8      | Noticed an orange crystal statue
  8293 | D:8      | Noticed an orange crystal statue
  8293 | D:8      | Noticed an orange crystal statue
  8459 | D:9      | Noticed a cyclops
  8563 | D:8      | Reached *** piety under Okawaru
  8672 | D:9      | Found a staircase to the Lair.
  8914 | D:8      | Reached skill level 10 in Maces & Flails
  8973 | D:8      | Reached **** piety under Okawaru
  8974 | D:8      | Reached XP level 11. HP: 66/66 MP: 14/14
  8998 | D:8      | Killed a cyclops
  9236 | D:9      | Reached skill level 1 in Throwing
  9261 | D:9      | Found a staircase to the Orcish Mines.
  9691 | D:9      | Reached skill level 5 in Invocations
  9691 | D:9      | Found a shimmering altar of Xom.
  9694 | D:9      | Found a hide-covered altar of Uskayaw.
  9718 | D:9      | Found Ydunenon's Changing Room.
 10389 | D:10     | Entered Level 10 of the Dungeon
 10628 | D:10     | Found Peuro Alaeci's Magic Scroll Emporium.
 10897 | D:10     | Found a burning altar of Makhleb.
 11074 | D:10     | Reached ***** piety under Okawaru
 11701 | D:11     | Noticed a two-headed ogre
 11713 | D:11     | Killed a two-headed ogre
 11714 | D:11     | Reached skill level 11 in Maces & Flails
 11714 | D:11     | Reached skill level 10 in Shields
 11790 | D:11     | Noticed a cyclops
 11805 | D:11     | Killed a cyclops
 11805 | D:11     | Received a gift from Okawaru
 11995 | D:11     | Noticed a sun demon
 12034 | D:11     | Reached XP level 12. HP: 51/72 MP: 13/15
 12819 | D:11     | Noticed Josephine
 12956 | D:10     | Killed Josephine
 13124 | D:12     | Received a gift from Okawaru
 13223 | D:11     | Reached skill level 12 in Maces & Flails
 13341 | Lair:1   | Entered Level 1 of the Lair of Beasts
 13368 | D:9      | Reached skill level 5 in Dodging
 14111 | Lair:1   | Received a gift from Okawaru
 14846 | Lair:2   | Found a staircase to the Snake Pit.
 14865 | Lair:2   | Reached XP level 13. HP: 74/79 MP: 16/16
 15052 | Lair:2   | Found a staircase to the Swamp.
 15096 | Lair:2   | Reached skill level 13 in Maces & Flails
 15819 | Lair:2   | Noticed Fannar
 15846 | Lair:2   | Killed Fannar
 16062 | Lair:2   | Found a one-way gate to the infinite horrors of the Abyss.
 16062 | Lair:2   | Noticed cfcfcfcfcf's ghost (journeyman FeBe)
 16088 | Lair:2   | Found a transporter.
 16095 | Lair:2   | Found a transporter.
 16703 | Lair:3   | Received a gift from Okawaru
 16950 | Lair:3   | Reached skill level 10 in Armour
 17861 | Lair:4   | Killed from afar by an oklob plant

Illustrated notes

Levels and vault maps discovered:
D:1:      scummos_arrival_forest, layout_loops_ring
D:2:      layout_basic, serial_shops, shop
D:3:      layout_basic, fedhas_altar_3, lemuel_crystal_altar, uniq_robin
D:4:      layout_loops_cross, chequers_ossuary_entry_cave,
          cheibrodos_sewer_entry_bend, minmay_crystal_water, uniq_duvessa,
          uniq_grinder, uniq_crazy_yiuf_cottage
D:5:      layout_layer_cave, pdpol_temple_overflow_zin_treasury_gozag_greed,
          serial_library, serial_library_regret_index_headful,
          serial_library_hellmonk_hallway_a, serial_library_hellmonk_octagon,
          serial_library_hellmonk_open_cross, serial_library_hellmonk_hallway_a,
          serial_library_hellmonk_open_cross,
          serial_library_regret_index_branch_corner,
          serial_library_hellmonk_reading_circle,
          serial_library_hellmonk_u_bend, serial_library_hellmonk_room_c,
          minmay_circle_x
D:6:      layout_basic, nicolae_overflow_hidden_temple, led_sif_book,
          temple_green, serial_library_hellmonk_double_dead_end
D:7:      layout_basic, lemuel_crystal_altar, dk_yredelemnul_ordeal,
          gammafunk_ghost_smash, lemuel_flame_loot_1, uniq_menkaure
D:8:      layout_rooms, chequers_guarded_unrand_ignorance, uniq_psyche,
          uniq_prince_ribbit1
D:9:      layout_long_grid, nicolae_overflow_squiral,
          due_lair_maze_entry_diamond, kennysheep_orc_monster_closet_entryway,
          nicolae_transmutations_shop, kennysheep_dice
D:10:     layout_grid_maze, bloody_makhleb, serial_shops, shop
D:11:     layout_basic, eino_house_with_fridge, uniq_josephine
D:12:     gammafunk_boulding_lane, layout_rooms, kennysheep_generic_room_2
Temple:   chequers_temple_sunken
Lair:1:   layout_chaotic_city, st_stairs_3, minmay_lair_oklob_items,
          dpeg_stationary_puzzle, infiniplex_staircase_pool_2
Lair:2:   layout_cave_pods, swamp_mist_pool, nicolae_snake_entry_warm_welcome,
          gammafunk_ghost_abyssal_escape, grunt_megastairs_2,
          serial_bayou_shore_b, uniq_fannar
Lair:3:   layout_long_grid, nicolae_lair_lil_pond, grunt_megastairs_1,
          serial_bayou_shore_a
Lair:4:   layout_cave_shapes, infiniplex_staircase_pool

Skill      XL: |  1  2  3  4  5  6  7  8  9 10 11 12 13 |
---------------+----------------------------------------+-----
Armour         | 4 5 6 7 8 9 10 | 10.2
Maces & Flails | 3 5 7 8 10 11 12 13 | 13.7
Fighting       | 4 5 6 7 8 9 |  9.5
Shields        | 4 5 6 7 8 10 11 12 | 12.1
Dodging        | 1 2 4 5 |  5.5
Stealth        | 1 2 3 |  3.4
Invocations    | 2 4 5 |  5.1
Throwing       | 2 3 |  3.3

Action                     |  1- 3 |  4- 6 |  7- 9 | 10-12 | 13-15 || total
---------------------------+-------+-------+-------+-------+-------++-------
  Melee: Flail             |   162 |    95 |       |   652 |   345 ||  1254
         Mace              |       |   115 |   474 |   403 |       ||   992
         Unarmed           |       |       |       |     1 |       ||     1
  Throw: Dart              |       |       |     4 |    33 |     5 ||    42
         Boomerang         |       |       |       |    23 |     1 ||    24
 Invoke: Heroism           |       |       |       |     3 |     2 ||     5
         Finesse           |       |       |       |       |     1 ||     1
   Stab: Paralysed         |       |     1 |     1 |       |       ||     2
         Confused          |       |       |     1 |     1 |       ||     2
         Petrified         |       |       |       |     2 |       ||     2
 Armour: Scale mail        |   109 |   140 |    17 |       |       ||   266
         Chain mail        |       |       |   297 |   790 |   280 ||  1367
         Skin              |       |       |       |     5 |       ||     5
  Dodge: Dodged            |    77 |    99 |   129 |   338 |   119 ||   762
  Block: Buckler           |    54 |   138 |   214 |   562 |   208 ||  1176
         Reflection        |     2 |     1 |    15 |    12 |     3 ||    33
